 Dungeon Crawl Stone Soup version 0.17.1-1-g73c8601 (webtiles) character file.

57 perrin18 the Ruffian (level 3, 0/36 HPs)
             Began as a Troll Monk on Dec 24, 2015.
             Killed by nerve-wracking pain
             ... invoked by Grinder
              (7 damage)
             ... on level 3 of the Dungeon.
             The game lasted 00:06:25 (980 turns).

perrin18 the Ruffian (Troll Monk)                    Turns: 980, Time: 00:06:25

Health: 0/36       AC:  5    Str: 20    XL:     3   Next: 73%
Magic:  2/2        EV: 10    Int:  6    God:
Gold:   153        SH:  0    Dex: 12    Spells: 0 memorised, 2 levels left

rFire  . . .     SeeInvis .       - Unarmed
rCold  . . .     Clarity  .     a - +0 robe
rNeg   . . .     SustAt   .     (no shield)
rPois  .         Gourm    +     (helmet restricted)
rElec  .         Spirit   .     (no cloak)
rCorr  .         Warding  .     (gloves unavailable)
rMut   .         Stasis   .     (boots unavailable)
MR     .....                    (no amulet)
Stlth  ..........               (no ring)
                                n - ring of loudness (curse)

@: not resistant to hostile enchantments, extremely unstealthy
A: unfitting armour, claws 3, fast metabolism 3, gourmand, regeneration 2,
shaggy fur 1, tough skin 2
a: no special abilities


You were on level 3 of the Dungeon.
You were very full.

You visited 1 branch of the dungeon, and saw 3 of its levels.

You collected 153 gold pieces.

Inventory:

Armour
 a - a +0 robe (worn)
Jewellery
 n - a cursed ring of loudness (left claw)
Wands
 p - a wand of fire (5)
Scrolls
 e - 2 scrolls of identify
 h - a scroll of enchant weapon {unknown}
 l - a scroll of recharging {unknown}
 m - 2 scrolls of random uselessness {unknown}
 q - a scroll of amnesia
Potions
 c - a potion of invisibility
 d - a potion of flight {unknown}
 f - a potion of cure mutation {unknown}
 g - a potion of lignification {unknown}
 i - a potion of curing {unknown}
 j - a potion of magic {unknown}
Comestibles
 b - 4 bread rations
 k - a slice of pizza
 o - a meat ration


   Skills:
 + Level 2.7 Fighting
 * Level 0.2 Armour
 * Level 2.7 Dodging
 - Level 1.1 Stealth
 * Level 4.8 Unarmed Combat


You had 2 spell levels left.
You didn't know any spells.

Dungeon Overview and Level Annotations

Branches:
Dungeon (3/15)

Altars:
The Shining One

Annotations:
D:3 Grinder


Innate Abilities, Weirdness & Mutations

You are too large for most types of armour.
You have claws for hands.
Your metabolism is lightning-fast.
You like to eat raw meat.
You heal very quickly.
You are covered in fur (AC +1).
You have very tough skin (AC +2).


Message History

Grinder hits you but does no damage. Grinder hits you.
You writhe in agony.
Grinder hits you.
You writhe in agony.
* * * LOW HITPOINT WARNING * * *
Grinder gestures at you.
You shrug off the repeated paralysis!
Grinder gestures at you. You resist with significant effort. Grinder hits you.
* * * LOW HITPOINT WARNING * * *
You writhe in agony.
* * * LOW HITPOINT WARNING * * *
Grinder gestures.
Grinder blinks!
You can move again.
Grinder gestures.
Grinder blinks!
Grinder gestures at you. Pain shoots through your body!
You die...

#.##.#####.##......#)#####
# #..........##.#.#..#.#
#.##.##...............#.#
#.............##.#.#..#.#
####.##.####.###.....#.(#
#.##.# #.# ###..###.#
#.##.####.#####.## ##.#
#................ .#
#(...####@#####.. #.#.##
#.# #.#.# #.# #.#.#####.#
#...(.$..5######.#.
#.#.###..)......ยง..
#.#.##...#######... #..#.
...###


You could see Grinder.

Vanquished Creatures
  2 adders (D:2)
  An ooze (D:3)
  2 worms
  A giant gecko (D:2)
  An orc (D:3)
  3 bats (D:2)
  3 goblins (D:3)
  A hobgoblin (D:3)
  2 jackals (D:3)
  2 kobolds (D:2)
  3 giant cockroaches
  2 giant newts
  7 rats
30 creatures vanquished.

Notes
Turn   | Place    | Note
--------------------------------------------------------------
     0 | D:1      | perrin18 the Troll Monk began the quest for the Orb.
     0 | D:1      | Reached XP level 1. HP: 22/22 MP: 0/0
    74 | D:1      | You fall through a shaft!
   134 | D:2      | Reached XP level 2. HP: 25/29 MP: 1/1
   417 | D:2      | Reached XP level 3. HP: 28/36 MP: 2/2
   866 | D:3      | Found a glowing golden altar of the Shining One.
   952 | D:3      | Noticed Grinder
   967 | D:3      | Paralysed by Grinder for 7 turns
   980 | D:3      | Killed from afar by Grinder

Action                   || total
-------------------------++-------
Melee: Unarmed           ||    76
  Use: Scroll            ||     6
 Stab: Sleeping          ||     1
  Eat: Chunk             ||    13
